 Dungeon Crawl Stone Soup version 0.30.1-9-gdf580d7c3d (webtiles) character file.

Game seed: 3397900129868753673

21 lonewolfV2 the Trooper (level 2, -3/24 HPs)
             Began as a Demonspawn Fighter on Oct 25, 2023.
             Slain by Robin
             ... wielding a +0 spear
              (4 damage)
             ... on level 2 of the Dungeon.
             The game lasted 00:01:20 (407 turns).

lonewolfV2 the Trooper (Demonspawn Fighter)          Turns: 407, Time: 00:01:21

Health: -3/24      AC: 10    Str: 16    XL:     2   Next: 65%
Magic:  2/2        EV:  9    Int:  9    God:
Gold:   44         SH:  4    Dex: 12    Spells: 1/1 levels left

rFire   . . .        a - +0 war axe
rCold   . . .        c - +0 buckler
rNeg    . . .        b - +0 scale mail
rPois   .            (no helmet)
rElec   .            g - +0 cloak
rCorr   .            e - +0 pair of gloves
SInv    .            k - +0 pair of boots
Will    .....        (no amulet) Stlth
                     (no ring)
HPRegen 0.24/turn    (no ring)
MPRegen 0.08/turn

%: no passive effects
@: no status effects
A: demonic touch 1
a: no special abilities


You were on level 2 of the Dungeon.
You visited 1 branch of the dungeon, and saw 2 of its levels.

You collected 44 gold pieces.

Inventory:

Hand Weapons
 a - a +0 war axe (weapon)
Armour
 b - a +0 scale mail (worn)
 c - a +0 buckler (worn)
 e - a +0 pair of gloves (worn)
 g - a +0 cloak (worn)
 k - a +0 pair of boots (worn)
Scrolls
 h - a scroll of fog {unknown}
Potions
 d - a potion of might
 f - a potion of curing {unknown}
 i - a potion of heal wounds {unknown}
 j - a potion of berserk rage {unknown}


   Skills:
 + Level 3.2 Fighting
 - Level 1.7 Axes
 * Level 3.1 Armour
 * Level 1.2 Dodging
 - Level 2.6 Shields


You had one spell level left.
You didn't know any spells.
Your spell library was empty.

Dungeon Overview and Level Annotations

Branches:
Dungeon (1/15)

Altars:

Shops:
D:1 !

Annotations:
D:2 Robin


Innate Abilities, Weirdness & Mutations

Your touch may inflict minor irresistible damage on your foes.


Message History

You barely miss the hobgoblin. You closely miss the goblin.
The hobgoblin hits you.
* * * LOW HITPOINT WARNING * * *
You block Robin's attack. The goblin hits you but does no damage.
The hobgoblin closely misses you. The goblin barely misses you.
Robin says, "My goblins will feast on your bones."
Robin hits you from afar with a +0 spear.
* * * LOW HITPOINT WARNING * * *
You hit the hobgoblin.
The hobgoblin is heavily wounded.
You completely miss the goblin. You block the hobgoblin's attack.
You block Robin's attack. The goblin hits you but does no damage.
Unknown command.
You closely miss the hobgoblin.
The hobgoblin is heavily wounded.
You hit the goblin.
The hobgoblin no longer looks unusually strong.
The hobgoblin barely misses you. Robin hits you but does no damage.
You block the goblin's attack. The hobgoblin closely misses you.
The goblin hits you with a +0 club.
* * * LOW HITPOINT WARNING * * *
Robin closely misses you.
You closely miss the hobgoblin.
The hobgoblin is heavily wounded.
You closely miss the goblin.
The goblin no longer looks unusually strong. x2
The hobgoblin misses you.
Robin roars a battlecry!
The goblins go into a battle-frenzy!
The goblin hits you but does no damage.
You barely miss the hobgoblin.
The hobgoblin is heavily wounded.
You closely miss the goblin.
The goblin no longer looks unusually strong.
You block the hobgoblin's attack. The goblin hits you but does no damage.
Robin says, "A pitiful Demonspawn like you will never find the ORB!"
Robin hits you but does no damage.
The hobgoblin hits you but does no damage.
Robin hits you from afar with a +0 spear.
You die...

#.# #.# ##.##
#.####...###.#
#..........$.#
######...#####
##.## #g)#
#@## #g#


glg ..Kg. ....... ........# ##.......# #.......# You could see Robin, a
hobgoblin (strong), 3 goblins, a kobold and a frilled lizard.

Vanquished Creatures
  2 endoplasms (D:1)
  A giant cockroach (D:1)
  3 goblins (D:2)
  3 hobgoblins
  2 jackals (D:1)
  A kobold (D:1)
  4 ball pythons (D:1)
  A bat (D:2)
  A frilled lizard (D:1)
  A rat (D:1)
19 creatures vanquished.

Notes
Turn   | Place    | Note
-------+----------+-------------------------------------------
     0 | D:1      | lonewolfV2 the Demonspawn Fighter began the quest for the
                  | Orb.
     0 | D:1      | Reached XP level 1. HP: 18/18 MP: 1/1
   194 | D:1      | Gained mutation: Your touch may inflict minor irresistible
                  | damage on your foes. [demonic ancestry]
   194 | D:1      | Reached XP level 2. HP: 21/24 MP: 2/2
   275 | D:1      | Found Zinim's Distillery.
   340 | D:1      | Reached skill level 1 in Dodging
   385 | D:1      | You fall into a shaft and drop 1 floor!
   391 | D:2      | Noticed Robin
   405 | D:2      | HP: 1/24 [goblin/+0 club[Robin] (4)]
   407 | D:2      | Slain by Robin

Illustrated notes

Levels and vault maps discovered:
D:1:      saegor_arrival_simple_b, layout_loops_cross, serial_rivers,
          chequers_serial_rivers_micro_b, chequers_serial_rivers_small_a,
          chequers_serial_rivers_small_b, chequers_serial_rivers_small_b,
          serial_shops, nicolae_shop_temple_entry_statues_fountains,
          minmay_tetromino_s2
D:2:      layout_loops_ring, uniq_robin

Skill      XL: |  1  2 |
---------------+-------+-----
Armour         | 3 |  3.1
Dodging        | 1 |  1.2
Fighting       | |  3.2
Axes           | |  1.7
Shields        | |  2.6

Action                     || total
---------------------------++-------
  Melee: War axe           ||    40
 Armour: Scale mail        ||    35
  Dodge: Dodged            ||    29
  Block: Buckler           ||    21
